 Dungeon Crawl Stone Soup version 0.22.1-2-g9c5b331383 (webtiles) character file.

516 Knicklaso the Covered (level 7, -2/64 HPs)
             Began as a Deep Dwarf Fighter on Nov 22, 2018.
             Killed by divine providence
             ... invoked by an orc priest
              (13 damage)
             ... on level 5 of the Dungeon.
             The game lasted 00:04:50 (2463 turns).

Knicklaso the Covered (Deep Dwarf Fighter)          Turns: 2463, Time: 00:04:51

Health: -2/64      AC:  7    Str: 21    XL:     7   Next: 0%
Magic:  7/7        EV:  7    Int:  9    God:
Gold:   132        SH: 10    Dex: 12    Spells: 6/6 levels left

rFire    . . .     SeeInvis .   m - +1 spear (venom)
rCold    . . .     Gourm    .   c - +0 shield
rNeg     . . .     Faith    .   b - +0 scale mail
rPois    .         Spirit   .   (no helmet)
rElec    .         Reflect  .   s - scarf {cloud immunity}
rCorr    .         Harm     .   (no gloves)
MR       +....                  (no boots)
Stlth    ..........             (no amulet)
HPRegen  0.00/turn              (no ring)
MPRegen  0.10/turn              (no ring)

@: non-regenerating
A: damage resistance, heal wounds, sense surroundings 1, no regeneration
a: Heal Wounds


You were on level 5 of the Dungeon.
You were very hungry.

You visited 1 branch of the dungeon, and saw 5 of its levels.

You collected 132 gold pieces.

Inventory:

Hand Weapons
 a - a +0 war axe
 m - a +1 spear of venom (weapon)
Armour
 b - a +0 scale mail (worn)
 c - a +0 shield (worn)
 s - a scarf of cloud immunity (worn)
Jewellery
 t - a +5 ring of dexterity {unknown}
Wands
 l - a wand of flame (28)
Scrolls
 e - a scroll of enchant armour {unknown}
 g - 3 scrolls of teleportation
 h - a scroll of amnesia
 i - a scroll of enchant weapon {unknown}
 j - 2 scrolls of remove curse
 k - a scroll of random uselessness {unknown}
 n - 3 scrolls of fear
 p - 2 scrolls of identify
 r - a scroll of blinking {unknown}
 u - a scroll of magic mapping {unknown}
Potions
 d - 3 potions of might
 o - a potion of curing {unknown}
 q - 2 potions of cancellation
 v - a potion of mutation {unknown}
Comestibles
 f - 8 rations


   Skills:
 + Level 4.3 Fighting
 + Level 4.5 Axes
 + Level 5.2 Armour
 + Level 5.1 Shields


You had 6 spell levels left.
You didn't know any spells.
Your spell library was empty.

Dungeon Overview and Level Annotations

Branches:
Dungeon (5/15)
 Temple: D:4-7

Altars:
Hepliaklqana


Innate Abilities, Weirdness & Mutations

You are resistant to damage.
You can heal yourself by infusing magical energy.
You passively map a small area around you.
You do not regenerate.


Message History

You hit the orc priest but do no damage.
You block the orc priest's attack.
You hit the orc priest.
The orc priest is poisoned.
The orc priest is lightly wounded.
The orc priest hits you with a club.
* * * LOW HITPOINT WARNING * * *
You hit the orc priest.
The orc priest looks as sick as possible!
The orc priest is moderately wounded.
You block the orc priest's attack.
Your shield and scale mail prevent you from hitting the orc priest.
The orc priest is moderately wounded.
The orc priest calls down the wrath of Beogh upon you.
You resist with significant effort.
You hit the orc priest but do no damage.
The orc priest looks as sick as possible!
The orc priest is heavily wounded.
The orc priest calls down the wrath of Beogh upon you.
Beogh smites you!
You die...

#.. #.. #.. *, #.#
#.# #.# #[# **
##################.#
*,
#oo@...(...........#
*
#.##################
#.# #o# * *#o# * *
** * *#.o ,, ,, ,,
,* * ### ,, * * , ,
*


You could see 2 orc priests.

Vanquished Creatures
  2 howler monkeys
  A crimson imp (D:5)
  A centaur zombie (D:5)
  An orc priest (D:5)
  An orc wizard (D:5)
  5 worker ants
  An iguana (D:4)
  A howler monkey skeleton (D:4)
  5 adders
  5 gnolls
  5 worms
  2 leopard geckos
  5 orcs
  5 bats
  A hobgoblin (D:3)
  2 quokkas
  A ball python (D:5)
  A frilled lizard (D:2)
  5 goblins
  12 kobolds
  7 rats
69 creatures vanquished.

Notes
Turn   | Place    | Note
-------+----------+-------------------------------------------
     0 | D:1      | Knicklaso the Deep Dwarf Fighter began the quest for the
                  | Orb.
     0 | D:1      | Reached XP level 1. HP: 20/20 MP: 1/1
   350 | D:1      | Reached XP level 2. HP: 24/27 MP: 2/2
   445 | D:2      | Reached XP level 3. HP: 26/34 MP: 3/3
   638 | D:3      | Found a hazy altar of Hepliaklqana.
   904 | D:3      | Reached XP level 4. HP: 34/42 MP: 4/4
  1415 | D:4      | Reached XP level 5. HP: 30/49 MP: 5/5
  1850 | D:4      | Reached XP level 6. HP: 44/57 MP: 6/6
  2173 | D:5      | Entered Level 5 of the Dungeon
  2288 | D:5      | Reached skill level 5 in Armour
  2295 | D:5      | Reached skill level 5 in Shields
  2452 | D:5      | Reached XP level 7. HP: 20/64 MP: 7/7
  2463 | D:5      | Killed from afar by an orc priest

Skill      XL: |  1  2  3  4  5  6 |
---------------+-------------------+-----
Fighting       | 3 4 |  4.3
Axes           | 3 4 |  4.5
Armour         | 4 5 |  5.2
Shields        | 4 5 |  5.1

Action                   |  1- 3 |  4- 6 |  7- 9 || total
-------------------------+-------+-------+-------++-------
Melee: War axe           |   104 |    83 |       ||   187
       Spear             |       |    83 |    11 ||    94
 Abil: Heal Wounds       |     1 |     3 |       ||     4
  Use: Scroll            |       |     5 |       ||     5
  Eat: Ration            |       |     1 |       ||     1
       Chunk             |       |     1 |       ||     1
Armor: Scale mail        |    46 |    49 |     2 ||    97
Dodge: Dodged            |    33 |    43 |       ||    76
Block: Shield            |    56 |    79 |     5 ||   140
